 Dungeon Crawl Stone Soup version 0.26-b1-57-gb162d0664a (webtiles) character file.

Game seed: 17907141236249168259

28 H0rd4k the Magician (level 2, -3/15 HPs)
             Began as a Deep Elf Hedge Wizard on Jan 8, 2021.
             Slain by an adder (4 damage)
             ... on level 2 of the Dungeon.
             The game lasted 00:01:37 (932 turns).

H0rd4k the Magician (Deep Elf Hedge Wizard)          Turns: 932, Time: 00:01:38

Health: -3/15      AC:  2    Str:  7    XL:     2   Next: 96%
Magic:  3/10       EV: 13    Int: 18    God:
Gold:   83         SH:  0    Dex: 14    Spells: 11/12 levels left

rFire    . . .     SeeInvis .   a - +0 dagger
rCold    . . .     Faith    .   (no shield)
rNeg     . . .     Spirit   .   b - +0 robe
rPois    .         Reflect  .   c - +0 hat
rElec    .         Harm     .   (no cloak)
rCorr    .         Rampage  .   (no gloves)
Will     .....                  (no boots)
Stlth    ++........             d - amulet of magic regeneration
HPRegen  0.05/turn              (no ring)
MPRegen  0.37/turn              (no ring)

@: very slightly contaminated
A: no striking features
a: no special abilities


You were on level 2 of the Dungeon.
You visited 1 branch of the dungeon, and saw 2 of its levels.

You collected 83 gold pieces.

Inventory:

Hand Weapons
 a - a +0 dagger (weapon)
Missiles
 i - 7 poisoned darts
Armour
 b - a +0 robe (worn)
 c - a +0 hat (worn)
Jewellery
 d - an amulet of magic regeneration (around neck)
Scrolls
 e - a scroll of identify {unknown}
 f - a scroll of remove curse {unknown}
 k - a scroll of enchant armour {unknown}
Potions
 g - a potion of heal wounds {unknown}
 h - a potion of ambrosia {unknown}
 j - 2 potions of lignification {unknown}


   Skills:
 + Level 2.6 Dodging
 + Level 2.9 Stealth
 + Level 5.5 Spellcasting
 + Level 1.2 Conjurations
 + Level 1.1 Summonings
 + Level 1.1 Translocations


You had 11 spell levels left.
You knew the following spells:

 Your Spells              Type           Power        Failure   Level
a - Magic Dart            Conj           36%          8%          1

Your spell library contained the following spells:

 Spells                   Type           Power        Failure   Level
 Blink                    Tloc           N/A          12%         2
 Call Imp                 Summ           8%           12%         2
 Slow                     Hex            4%           19%         2
 Conjure Flame            Conj/Fire      7%           30%         3
 Mephitic Cloud           Conj/Pois/Air  6%           32%         3


Dungeon Overview and Level Annotations

Branches:
Dungeon (2/15)

Altars:

Annotations:
D:2 exclusion: phantom


Message History

Aiming: Magic Dart (safe; 8% risk of failure)
Press: ? - help, Shift-Dir - straight line, f/p - adder
Aim: an adder (severely wounded, 0% to evade)
The magic dart hits the adder but does no damage.
The adder is severely wounded.
The adder bites you.
* * * LOW HITPOINT WARNING * * *
The hobgoblin hits you with a +0 club.
* * * LOW HITPOINT WARNING * * *
The adder misses you.
Casting: Magic Dart (safe; 8% risk of failure)
Confirm with . or Enter, or press ? or * to list all spells.
Aiming: Magic Dart (safe; 8% risk of failure)
Press: ? - help, Shift-Dir - straight line, f/p - adder
Aim: an adder (severely wounded, 0% to evade)
The magic dart hits the adder.
The adder is almost dead.
The hobgoblin hits you but does no damage.
The adder bites you.
You die...

#.# .# #.# .# #<#
.# #.# .#
######.####.####.
#................
.†.####......###
#...###..# #.###
#@.# ##
#..gS.....#
#...........#
#.##...........
#.........##
#.......>.#
#.........#
#.........#


You could see an adder and a hobgoblin.

Vanquished Creatures
  2 dart slugs (D:1)
  A leopard gecko (D:1)
  2 bats (D:1)
  4 goblins (D:1)
  3 hobgoblins (D:1)
  3 kobolds (D:1)
  A ball python (D:1)
  5 frilled lizards
  2 rats
23 creatures vanquished.

Notes
Turn   | Place    | Note
-------+----------+-------------------------------------------
     0 | D:1      | H0rd4k the Deep Elf Hedge Wizard began the quest for the
                  | Orb.
     0 | D:1      | Reached XP level 1. HP: 10/10 MP: 7/7
   169 | D:1      | Reached XP level 2. HP: 15/15 MP: 4/9
   280 | D:1      | Reached skill level 5 in Spellcasting
   899 | D:2      | Noticed a phantom
   932 | D:2      | Slain by an adder

Illustrated notes

Levels and vault maps discovered:
D:1:      roderic_crossed_star, layout_rooms
D:2:      layout_rooms, chequers_ecumenical_altar_twisty

Skill      XL: |  1  2 |
---------------+-------+-----
Spellcasting   | 5 |  5.5
Dodging        | |  2.6
Stealth        | |  2.9
Conjurations   | |  1.2
Summonings     | |  1.1
Translocations | |  1.1

Action                   || total
-------------------------++-------
Melee: Dagger            ||     2
 Cast: Magic Dart        ||    62
Armor: Robe              ||     2
Dodge: Dodged            ||     7
